 Dungeon Crawl Stone Soup version 0.27-a0-1159-gfb43560 (webtiles) character file.

Game seed: 18415244496412534558

67 Meow the Stinger (level 4, -1/36 HPs)
             Began as a Naga Venom Mage on May 15, 2021.
             Slain by a hobgoblin (2 damage)
             ... led by Robin
             ... on level 2 of the Dungeon.
             The game lasted 00:03:44 (1228 turns).

Meow the Stinger (Naga Venom Mage)                  Turns: 1228, Time: 00:03:45

Health: -1/36      AC:  2    Str: 10    XL:     4   Next: 18%
Magic:  2/8        EV: 10    Int: 16    God:
Gold:   56         SH:  0    Dex: 12    Spells: 4/8 levels left

rFire    . . .     SeeInvis +   a - +0 club
rCold    . . .     Faith    .   (no shield)
rNeg     . . .     Spirit   .   b - +0 robe
rPois    +         Reflect  .   (no helmet)
rElec    .         Harm     .   (no cloak)
rCorr    .         Rampage  .   (no gloves)
Will     .....                  (no barding)
Stlth    +++.......             (no amulet)
HPRegen  0.12/turn              (no ring)
MPRegen  0.11/turn              (no ring)

@: very slightly contaminated, very slow
A: AC +1, large, see invisible, deformed body, poison resistance, slowness 2,
spit poison 1, naga tail 1
a: Spit Poison


You were on level 2 of the Dungeon.
You visited 1 branch of the dungeon, and saw 2 of its levels.

You collected 56 gold pieces.

Inventory:

Hand Weapons
 a - a +0 club (weapon)
 f - a +1 dagger of venom
Missiles
 c - 41 arrows
 d - 26 poisoned darts
 g - 34 stones (quivered)
Armour
 b - a +0 robe (worn)
Scrolls
 e - a scroll of enchant weapon {unknown}
 h - 3 scrolls of identify {unknown}
Potions
 i - a potion of heal wounds {unknown}
 j - a potion of degeneration {unknown}


   Skills:
 - Level 1.5 Dodging
 + Level 4.6 Stealth
 + Level 2.8 Spellcasting
 - Level 1.0 Transmutations
 + Level 5.0 Poison Magic


You had 4 spell levels left.
You knew the following spells:

 Your Spells              Type           Power      Damage    Failure   Level
a - Sting                 Tmut/Pois      44%        1d5       5%          1
c - Mephitic Cloud        Conj/Pois/Air  7%         N/A       28%         3

Your spell library contained the following spells:

 Spells                   Type           Power      Damage    Failure   Level
 Poisonous Vapours        Pois/Air       20%        N/A       11%         2
 Olgreb's Toxic Radiance  Pois           18%        N/A       24%         4
 Ignite Poison            Fire/Tmut/Pois 8%         N/A       26%         3


Dungeon Overview and Level Annotations

Branches:
Dungeon (2/15)

Altars:

Annotations:
D:2 Robin


Innate Abilities, Weirdness & Mutations

Your serpentine skin is tough. (AC +1)
You have supernaturally acute eyesight. (SInv)
Armour fits poorly on your strangely shaped body.
Your system is resistant to poisons. (rPois)
You cover ground very slowly.
You can spit poison.
You have a snake-like lower body.


Message History

Unknown command.
Unknown command.
Casting: Sting (safe; 5% risk of failure)
Confirm with . or Enter, or press ? or * to list all spells.
The spell is quite dangerous to cast (28% risk of failure)!
Continue anyway? [Y]es or [N]o only, please.
The spell is quite dangerous to cast (28% risk of failure)!
Continue anyway?
Aiming: Mephitic Cloud (quite dangerous; 28% risk of failure)
Press: ? - help, Shift-Dir - straight line, p - Robin You miscast Mephitic Cloud.
You are very lightly contaminated with residual magic.
Nothing appears to happen.
You have got your breath back.
The hobgoblin no longer looks unusually strong.
The goblin no longer looks unusually strong.
Robin roars a battlecry!
The goblins go into a battle-frenzy!
The goblin hits you with a +0 dagger. The goblin barely misses you.
You hear a shout!
Unknown command.
Unknown command.
Robin looks more healthy.
Robin throws the goblin at you!
The goblin hits you but does no damage. x2
Robin says, "My goblins will feast on your bones."
Unknown command.
The goblin hits you but does no damage. The goblin hits you with a +0 dagger.
* * * LOW HITPOINT WARNING * * *
Robin roars a battlecry!
The goblin misses you. The goblin hits you with a +0 club.
* * * LOW HITPOINT WARNING * * *
The goblin no longer looks unusually strong. x2
Unknown command.
You closely miss the hobgoblin. The goblin closely misses you.
The hobgoblin hits you.
* * * LOW HITPOINT WARNING * * *
The goblin hits you with a +0 dagger.
* * * LOW HITPOINT WARNING * * *
Unknown command.
You barely miss the hobgoblin. The hobgoblin hits you.
You die...

#..# #.#..#.# #.##.###.#
#..# ..#..#.#
#.##.#...### #..#
####..#.####.##.......<
#..# #..#.##............#
#..# #..#..g.............
#..#
..####...)g)g...........#
....
......[.†###..†........##
.......gg###......#...###
...#....gg@g.............
#..=.....######........##
#..#.#.....# #..#####...
#. ####'''## #..# ### #
#...# ##..# ..... #...#
..).... ##.##
#.....[.###.#
#.......##..#


You could see Robin, a hobgoblin (strong) and 3 goblins.

Vanquished Creatures
  A gnoll (D:1)
  2 adders (D:2)
  A ball python (D:1)
  3 bats
  2 endoplasms
  A giant cockroach (D:1)
  7 goblins
  3 hobgoblins
  2 jackals (D:1)
  8 kobolds
  A quokka (D:2)
  A frilled lizard (D:1)
  3 rats
35 creatures vanquished.

Vanquished Creatures (others)
  7 toadstools (D:2)
7 creatures vanquished.

Grand Total: 42 creatures vanquished

Notes
Turn   | Place    | Note
-------+----------+-------------------------------------------
     0 | D:1      | Meow the Naga Venom Mage began the quest for the Orb.
     0 | D:1      | Reached XP level 1. HP: 15/15 MP: 3/3
   100 | D:1      | Found a faded altar of an unknown god.
   198 | D:1      | Reached XP level 2. HP: 22/22 MP: 5/5
   462 | D:1      | Reached XP level 3. HP: 28/28 MP: 4/6
   466 | D:1      | Learned a level 3 spell: Mephitic Cloud
  1104 | D:2      | Reached XP level 4. HP: 36/36 MP: 4/8
  1203 | D:2      | Reached skill level 5 in Poison Magic
  1210 | D:2      | Noticed Robin
  1227 | D:2      | HP: 1/36 [goblin/+0 dagger[Robin] (1)]
  1228 | D:2      | Slain by a hobgoblin

Illustrated notes

Levels and vault maps discovered:
D:1:      matt_arrival_grand_opening, layout_basic,
          hellmonk_ecumenical_altar_zigzags, kennysheep_nondescript
D:2:      cheibrodos_fertilizer, layout_loops_ring, serial_shops, shop,
          uniq_robin

Skill      XL: |  1  2  3  4 |
---------------+-------------+-----
Stealth        | 4 |  4.6
Poison Magic   | 5 |  5.0
Dodging        | |  1.5
Spellcasting   | |  2.8
Transmutations | |  1.0

Action                   |  1- 3 |  4- 6 || total
-------------------------+-------+-------++-------
Melee: Club              |     2 |     2 ||     4
Throw: Stone             |     2 |       ||     2
 Cast: Sting             |    20 |     8 ||    28
 Abil: Spit Poison       |    28 |     4 ||    32
Armor: Robe              |     1 |     6 ||     7
Dodge: Dodged            |     4 |     9 ||    13

Table legend: (Time is in decaauts)
 A = Elapsed time spent in this place.
 B = Non-inter-level travel time spent in this place.
 C = Inter-level travel time spent in this place.
 D = Time resting spent in this place.
 E = Time spent auto-exploring this place.
 F = Levels seen in this place.
 G = Mean time per level.
                   A        B        C        D        E       F      G
               +--------+--------+--------+--------+--------+-----+--------+
         Total |   1590 |   1513 |     77 |    217 |   1023 |   2 |  795.0 |
       Dungeon |   1590 |   1513 |     77 |    217 |   1023 |   2 |  795.0 |
               +--------+--------+--------+--------+--------+-----+--------+

Top non-repeatable levels by time:
     D:1: 1360 daAuts
     D:2: 230 daAuts
